 Dungeon Crawl Stone Soup version 0.21.1-1-g345015fe64 (webtiles) character file.

5250 Peloso the Carver (level 10, -8/85 (86) HPs)
             Began as a Minotaur Fighter on July 31, 2018.
             Mangled by Psyche
             ... wielding a +3 dagger of distortion
              (22 damage)
             ... on level 10 of the Dungeon.
             The game lasted 00:29:13 (9619 turns).

Peloso the Carver (Minotaur Fighter)                Turns: 9619, Time: 00:29:13

HP:   -8/85 (86)    AC: 20    Str: 22    XL:     10   Next: 36%
MP:   9/9           EV:  7    Int:  5    God:
Gold: 478           SH: 12    Dex: 12    Spells: 9/9 levels left

rFire    . . .     SeeInvis .   z - +2 falchion (holy)
rCold    . . .     Gourm    .   c - +0 shield of the Poles {Regen+} (curse)
rNeg     . . .     Faith    .   b - +0 plate armour
rPois    +         Spirit   .   (helmet restricted)
rElec    .         Reflect  .   n - +0 cloak
rCorr    .         Harm     .   j - +0 pair of gloves
MR       .....                  (no boots)
Stlth    ..........             (no amulet)
HPRegen  0.64/turn              p - +3 ring of protection
MPRegen  0.11/turn              x - ring of poison resistance

@: about to teleport
A: retaliatory headbutt, horns 2
a: no special abilities


You were on level 10 of the Dungeon.
You were not hungry.

You visited 2 branches of the dungeon, and saw 11 of its levels.
You also visited: Sewer.

You collected 478 gold pieces.

Inventory:

Hand Weapons
 t - a +4 dagger of flaming
 z - a +2 falchion of holy wrath (weapon)
Armour
 b - a +0 plate armour (worn)
 c - the cursed +0 shield of the Poles (worn) {Regen+}
   (You found it on level 6 of the Dungeon)

   It increases your rate of regeneration.
   It has a curse placed upon it.
 j - a +0 pair of gloves (worn)
 n - a +0 cloak (worn)
Jewellery
 p - a +3 ring of protection (left hand)
 x - a ring of poison resistance (right hand)
Wands
 a - a wand of acid (1)
 h - a wand of polymorph (17)
 u - a wand of random effects (15)
 w - a wand of flame (20)
 y - a wand of clouds (2)
Scrolls
 e - 2 scrolls of amnesia {unknown}
 g - 3 scrolls of identify
 k - 4 scrolls of teleportation
 o - a scroll of magic mapping
 r - 2 scrolls of blinking
 s - a scroll of noise {unknown}
 v - a scroll of fear {unknown}
 A - 2 scrolls of remove curse
 C - a scroll of fog
 F - a scroll of torment {unknown}
 H - a scroll of enchant weapon {unknown}
Potions
 d - 5 potions of might
 i - 3 potions of agility
 l - a potion of curing
 m - 4 potions of haste
 D - a potion of invisibility {unknown}
 E - a potion of cancellation {unknown}
 G - a potion of resistance {unknown}
Books
 q - a book of Misfortune

   Spells                             Type                      Level
   a - Confusing Touch                Hexes                        1
   b - Confuse                        Hexes                        3
   c - Gell's Gravitas                Translocation                3
   d - Petrify                        Transmutation/Earth          4
   e - Metabolic Englaciation         Hexes/Ice                    5
   f - Yara's Violent Unravelling     Hexes/Transmutation          5
 B - a book of Necromancy

   Spells                             Type                      Level
   a - Pain                           Necromancy                   1
   b - Animate Skeleton               Necromancy                   1
   c - Vampiric Draining              Necromancy                   3
   d - Regeneration                   Charms/Necromancy            3
   e - Animate Dead                   Necromancy                   4
   f - Borgnjor's Vile Clutch         Necromancy/Earth             5
Comestibles
 f - 15 rations


   Skills:
 + Level 7.3 Fighting
 + Level 11.2 Long Blades
 + Level 9.2 Armour
 + Level 3.4 Dodging
 + Level 0.8 Stealth
 + Level 9.8 Shields
 + Level 1.1 Evocations


You had 9 spell levels left.
You didn't know any spells.

Dungeon Overview and Level Annotations

Branches:
Dungeon (10/15)            Temple (1/1) D:6            Lair (0/6) D:9
    Orc (0/2) D:9

Altars:
Ashenzari
Cheibriados
Dithmenos
Elyvilon
Fedhas
Gozag
Hepliaklqana
Kikubaaqudgha
Makhleb
Nemelex Xobeh
Okawaru
Qazlal
Ru
Sif Muna
Trog
Uskayaw
Vehumet
Wu Jian
Xom
Yredelemnul
Zin
The Shining One

Shops:
D:6 [   D:7 !

Annotations:
D:10 Psyche


Innate Abilities, Weirdness & Mutations

You reflexively headbutt those who attack you in melee.
You have a pair of horns on your head.


Message History

The orc priest calls down the wrath of Beogh upon you.
Beogh smites you! You block the wyvern zombie's attack.
You hit the orc but do no damage.
You kill the orc!
The centaur shoots an arrow.
The wyvern zombie bites you. Something hits you.
* * * LOW HITPOINT WARNING * * *
Space bends around you.
* * * LOW HITPOINT WARNING * * *
Unknown command.
The centaur shoots an arrow.
You hear some strange, mumbled words.
A puff of frost appears from out of thin air!
The puff of frost hits you!
* * * LOW HITPOINT WARNING * * *
Something hits you but does no damage.
You feel strangely unstable.
Okay, then.
You closely miss something. Something hits you.
* * * LOW HITPOINT WARNING * * *
Space warps horribly around you!
You die...

##### #### ##...
... .# ... ..# .#
#.# ###.##.### #@#
#........o
#.##{####.#.#..###
#..Zc.K)........#
#.##.####K#)#..#.#
#. #.#
#.K....#.##.# #
#.# ###.........#
#.# ###..#..##
#.########..# .#
##......./...#..


You could see a centaur and a wyvern zombie.

Vanquished Creatures
  An ugly thing (D:9)
  A kobold demonologist (D:6)
  A yak (D:8)
  Duvessa (D:5)
  A porcupine (D:8)
  3 orc warriors
  3 ogres
  A phantom (D:7)
  2 black bears (D:8)
  A necrophage (D:9)
  2 sky beasts
  6 big kobolds
  4 bullfrogs
  A gnoll sergeant (D:6)
  Dowan (D:5)
  A wyvern skeleton (D:8)
  4 killer bees (D:8)
  9 scorpions
  4 crimson imps
  2 bullfrog zombies
  2 howler monkeys
  A centaur zombie (D:5)
  2 quasits
  4 jellies
  5 hounds
  7 orc priests
  6 orc wizards
  A bullfrog skeleton (D:7)
  Natasha (thrice) (D:4)
  3 iguanas
  5 worker ants
  A hound skeleton (D:6)
  2 worker ant zombies
  9 adders
  9 gnolls
  2 river rats (Sewer)
  3 shadow imps (D:6)
  3 oozes
  An adder skeleton (D:6)
  8 worms
  2 dart slugs
  5 leopard geckos
  23 orcs
  12 bats
  10 giant cockroaches
  A goblin (D:2)
  4 hobgoblins
  8 jackals
  5 quokkas
  8 ball pythons
  4 frilled lizards
  21 kobolds
  14 rats
  A fungus (D:7)
  A plant (D:6)
245 creatures vanquished.

Vanquished Creatures (others)
  An orc (D:6)
  11 fungi (D:7)
12 creatures vanquished.

Grand Total: 257 creatures vanquished

Notes
Turn   | Place    | Note
-------+----------+-------------------------------------------
     0 | D:1      | Peloso the Minotaur Fighter began the quest for the Orb.
     0 | D:1      | Reached XP level 1. HP: 19/19 MP: 0/0
   135 | D:1      | Reached XP level 2. HP: 26/27 MP: 1/1
   784 | D:2      | Reached skill level 3 in Long Blades
   789 | D:2      | Reached XP level 3. HP: 33/33 MP: 2/2
  1375 | D:3      | Reached XP level 4. HP: 40/40 MP: 3/3
  1897 | D:4      | Found a basalt altar of Yredelemnul.
  1909 | D:4      | Reached skill level 4 in Long Blades
  1919 | D:4      | Found a glowing drain.
  1921 | D:4      | Reached XP level 5. HP: 45/47 MP: 4/4
  1928 | D:4      | Reached skill level 1 in Dodging
  1936 | Sewer    | Entered a sewer
  2481 | Sewer    | Reached skill level 5 in Armour
  2518 | Sewer    | Reached skill level 5 in Long Blades
  2518 | Sewer    | Reached XP level 6. HP: 50/53 MP: 5/5
  2749 | D:4      | Noticed Natasha
  2759 | D:4      | Killed Natasha
  2759 | D:4      | Reached skill level 5 in Shields
  2906 | D:4      | Noticed Natasha
  2917 | D:4      | Killed Natasha
  2962 | D:4      | Noticed Natasha
  2976 | D:4      | Killed Natasha
  3034 | D:4      | Noticed a sky beast
  3044 | D:4      | Reached skill level 6 in Long Blades
  3044 | D:4      | Reached XP level 7. HP: 13/60 MP: 6/6
  3059 | D:4      | Reached skill level 5 in Fighting
  3525 | D:5      | Entered Level 5 of the Dungeon
  3533 | D:5      | Noticed Dowan
  3534 | D:5      | Noticed Duvessa
  3562 | D:5      | Killed Duvessa
  3569 | D:5      | Killed Dowan
  3569 | D:5      | Reached skill level 7 in Long Blades
  3825 | D:5      | Reached XP level 8. HP: 68/69 MP: 7/7
  4393 | D:6      | Found a transporter.
  4423 | D:6      | Found a transporter.
  4433 | D:6      | Noticed a kobold demonologist
  4456 | D:6      | Reached skill level 8 in Long Blades
  4508 | D:6      | Noticed a red devil
  4892 | D:6      | Killed a kobold demonologist
  4892 | D:6      | Reached skill level 1 in Evocations
  5183 | D:6      | Found Ziyda's Armour Shop.
  5201 | D:6      | Found a staircase to the Ecumenical Temple.
  5209 | Temple   | Entered the Ecumenical Temple
  6005 | D:6      | Reached XP level 9. HP: 78/78 MP: 8/8
  6208 | D:6      | Found an iron altar of Okawaru.
  6319 | D:6      | Got a pitted shield
  6325 | D:6      | Identified the cursed +0 shield of the Poles {Regen+} (You found it on level 6 of the Dungeon)
  6560 | D:7      | Reached skill level 9 in Long Blades
  6566 | D:7      | Found Ituomina's Distillery.
  7801 | D:8      | Noticed Psyche
  8097 | D:8      | Reached skill level 10 in Long Blades
  8129 | D:8      | Found Xuhuovor's General Store.
  8542 | D:9      | Reached XP level 10. HP: 74/84 MP: 9/9
  8676 | D:9      | Found a staircase to the Orcish Mines.
  8981 | D:9      | Found a staircase to the Lair.
  9471 | D:9      | Noticed a purple ugly thing
  9493 | D:9      | Killed a purple ugly thing
  9493 | D:9      | Reached skill level 11 in Long Blades
  9534 | D:10     | Entered Level 10 of the Dungeon
  9619 | D:10     | Mangled by Psyche

Skill      XL: |  1  2  3  4  5  6  7  8  9 10 |
---------------+-------------------------------+-----
Armour         | 4 5 6 7 8 9 |  9.2
Long Blades    | 3 4 5 6 7 8 10 11 | 11.2
Fighting       | 4 5 6 7 |  7.3
Shields        | 4 5 7 9 |  9.8
Dodging        | 1 2 3 |  3.4
Evocations     | 1 |  1.1
Stealth        | |  0.8

Action                   |  1- 3 |  4- 6 |  7- 9 | 10-12 || total
-------------------------+-------+-------+-------+-------++-------
Melee: Long sword        |   108 |   177 |   227 |       ||   512
       Headbutt          |    15 |    34 |   102 |    26 ||   177
       Unarmed           |       |       |     1 |       ||     1
       Falchion          |       |       |   295 |   126 ||   421
Evoke: Wand              |       |       |    18 |       ||    18
  Use: Scroll            |     5 |     6 |     2 |       ||    13
       Potion            |       |       |     6 |       ||     6
  Eat: Chunk             |     1 |     7 |    12 |     1 ||    21
       Ration            |       |       |     3 |     1 ||     4
Armor: Scale mail        |    44 |    71 |    26 |       ||   141
       Plate armour      |       |       |   302 |    51 ||   353
Dodge: Dodged            |    33 |    65 |   152 |    14 ||   264
Block: Shield            |    49 |    80 |   301 |    48 ||   478
       Rpst.: Long sword |    10 |    18 |    12 |       ||    40
       Falchion          |       |       |    13 |     4 ||    17
